Workbook

Sheet INTRO
B3: Note: to save a copy for your personal use, please go to File > Make a Copy
B5: GMAT Club Guide to the GMAT Verbal Review 2021
B6: Use this guide to: - Lookup True Questoin Difficulty (New! RC Difficulty) - Track your progress through the Official Guide for Verbal GMAT Review 2020 edition - To analyze your mistakes in the Verbal OG 2021 (Error Log Tab) - To help find specific practice questions and build your custom practice tests that focus on your weak areas Good Luck on the GMAT! GMAT Club

Sheet RC
A1: GMAT Club Guide to The GMAT Verbal Review 2021
A2: Passage | B2: Question | C2: ID | D2: New ? | E2: Difficulty | F2: % Wrong | G2: OA | H2: Primary Category | I2: Link
A3: 1 | B3: 1 | C3: RC00184-01 | E3: =IF(F3>59%, "Very Hard", IF(F3>39%, "Hard", IF(F3>19%, "Medium", "Easy"))) -> Easy | F3: 0.18 | G3: C | H3: Short Passage/Humanities | I3: https://gmatclub.com/forum/human-beings-born-with-a-drive-to-explore-and-experiment-206699.html | J3: '
B4: 2 | C4: RC00184-02 | E4: =IF(F4>59%, "Very Hard", IF(F4>39%, "Hard", IF(F4>19%, "Medium", "Easy"))) -> Medium | F4: 0.23 | G4: E | H4: Short Passage/Humanities | I4: https://gmatclub.com/forum/human-beings-born-with-a-drive-to-explore-and-experiment-206699.html | J4: '
B5: 3 | C5: RC00184-03 | E5: =IF(F5>59%, "Very Hard", IF(F5>39%, "Hard", IF(F5>19%, "Medium", "Easy"))) -> Easy | F5: 0.03 | G5: D | H5: Short Passage/Humanities | I5: https://gmatclub.com/forum/human-beings-born-with-a-drive-to-explore-and-experiment-206699.html | J5: '
B6: 4 | C6: RC00184-04 | E6: =IF(F6>59%, "Very Hard", IF(F6>39%, "Hard", IF(F6>19%, "Medium", "Easy"))) -> Medium | F6: 0.28 | G6: E | H6: Short Passage/Humanities | I6: https://gmatclub.com/forum/human-beings-born-with-a-drive-to-explore-and-experiment-206699.html | J6: '
A7: 2 | B7: 5 | C7: RC00144-03 | E7: =IF(F7>59%, "Very Hard", IF(F7>39%, "Hard", IF(F7>19%, "Medium", "Easy"))) -> Medium | F7: 0.24 | G7: A | H7: Long Passage/Business | I7: https://gmatclub.com/forum/structural-unemployment-the-unemployment-that-remains-even-at-the-peak-242711.html | J7: '
B8: 6 | C8: RC00144-04 | E8: =IF(F8>59%, "Very Hard", IF(F8>39%, "Hard", IF(F8>19%, "Medium", "Easy"))) -> Medium | F8: 0.28 | G8: C | H8: Long Passage/Business | I8: https://gmatclub.com/forum/structural-unemployment-the-unemployment-that-remains-even-at-the-peak-242711.html | J8: '
B9: 7 | C9: RC00144-05 | E9: =IF(F9>59%, "Very Hard", IF(F9>39%, "Hard", IF(F9>19%, "Medium", "Easy"))) -> Easy | F9: 0.16 | G9: D | H9: Long Passage/Business | I9: https://gmatclub.com/forum/structural-unemployment-the-unemployment-that-remains-even-at-the-peak-242711.html | J9: '
B10: 8 | C10: RC00144-06 | E10: =IF(F10>59%, "Very Hard", IF(F10>39%, "Hard", IF(F10>19%, "Medium", "Easy"))) -> Medium | F10: 0.31 | G10: B | H10: Long Passage/Business | I10: https://gmatclub.com/forum/structural-unemployment-the-unemployment-that-remains-even-at-the-peak-242711.html | J10: '
B11: 9 | C11: RC00144-07 | E11: =IF(F11>59%, "Very Hard", IF(F11>39%, "Hard", IF(F11>19%, "Medium", "Easy"))) -> Easy | F11: 0.17 | G11: C | H11: Long Passage/Business | I11: https://gmatclub.com/forum/structural-unemployment-the-unemployment-that-remains-even-at-the-peak-242711.html | J11: '
B12: 10 | C12: RC00144-08 | E12: =IF(F12>59%, "Very Hard", IF(F12>39%, "Hard", IF(F12>19%, "Medium", "Easy"))) -> Medium | F12: 0.39 | G12: D | H12: Long Passage/Business | I12: https://gmatclub.com/forum/structural-unemployment-the-unemployment-that-remains-even-at-the-peak-242711.html | J12: '
A13: 3 | B13: 11 | C13: RC00113-01 | E13: =IF(F13>59%, "Very Hard", IF(F13>39%, "Hard", IF(F13>19%, "Medium", "Easy"))) -> Hard | F13: 0.4 | G13: D | H13: Long Passage/Science | I13: https://gmatclub.com/forum/in-1971-researchers-hoping-to-predict-earthquakes-in-the-short-term-by-222825.html | J13: '
B14: 12 | C14: RC00113-02 | E14: =IF(F14>59%, "Very Hard", IF(F14>39%, "Hard", IF(F14>19%, "Medium", "Easy"))) -> Easy | F14: 0.15 | G14: B | H14: Long Passage/Science | I14: https://gmatclub.com/forum/in-1971-researchers-hoping-to-predict-earthquakes-in-the-short-term-by-222825.html | J14: '
B15: 13 | C15: RC00113-03 | E15: =IF(F15>59%, "Very Hard", IF(F15>39%, "Hard", IF(F15>19%, "Medium", "Easy"))) -> Medium | F15: 0.22 | G15: E | H15: Long Passage/Science | I15: https://gmatclub.com/forum/in-1971-researchers-hoping-to-predict-earthquakes-in-the-short-term-by-222825.html | J15: '
B16: 14 | C16: RC00113-04 | E16: =IF(F16>59%, "Very Hard", IF(F16>39%, "Hard", IF(F16>19%, "Medium", "Easy"))) -> Medium | F16: 0.32 | G16: C | H16: Long Passage/Science | I16: https://gmatclub.com/forum/in-1971-researchers-hoping-to-predict-earthquakes-in-the-short-term-by-222825.html | J16: '
B17: 15 | C17: RC00113-05 | E17: =IF(F17>59%, "Very Hard", IF(F17>39%, "Hard", IF(F17>19%, "Medium", "Easy"))) -> Medium | F17: 0.2 | G17: D | H17: Long Passage/Science | I17: https://gmatclub.com/forum/in-1971-researchers-hoping-to-predict-earthquakes-in-the-short-term-by-222825.html | J17: '
B18: 16 | C18: RC00113-07 | E18: =IF(F18>59%, "Very Hard", IF(F18>39%, "Hard", IF(F18>19%, "Medium", "Easy"))) -> Very Hard | F18: 0.76 | G18: C | H18: Long Passage/Science | I18: https://gmatclub.com/forum/in-1971-researchers-hoping-to-predict-earthquakes-in-the-short-term-by-222825.html | J18: '
A19: 4 | B19: 17 | C19: RC00492-01 | E19: =IF(F19>59%, "Very Hard", IF(F19>39%, "Hard", IF(F19>19%, "Medium", "Easy"))) -> Medium | F19: 0.21 | G19: E | H19: Long Passage/Business | I19: https://gmatclub.com/forum/a-key-decision-required-of-advertising-managers-206881.html | J19: '
B20: 18 | C20: RC00492-02 | E20: =IF(F20>59%, "Very Hard", IF(F20>39%, "Hard", IF(F20>19%, "Medium", "Easy"))) -> Medium | F20: 0.2 | G20: B | H20: Long Passage/Business | I20: https://gmatclub.com/forum/a-key-decision-required-of-advertising-managers-206881.html | J20: '
B21: 19 | C21: RC00492-03 | E21: =IF(F21>59%, "Very Hard", IF(F21>39%, "Hard", IF(F21>19%, "Medium", "Easy"))) -> Hard | F21: 0.44 | G21: A | H21: Long Passage/Business | I21: https://gmatclub.com/forum/a-key-decision-required-of-advertising-managers-206881.html | J21: '
B22: 20 | C22: RC00492-04 | E22: =IF(F22>59%, "Very Hard", IF(F22>39%, "Hard", IF(F22>19%, "Medium", "Easy"))) -> Easy | F22: 0.12 | G22: D | H22: Long Passage/Business | I22: https://gmatclub.com/forum/a-key-decision-required-of-advertising-managers-206881.html | J22: '
B23: 21 | C23: RC00492-05 | E23: =IF(F23>59%, "Very Hard", IF(F23>39%, "Hard", IF(F23>19%, "Medium", "Easy"))) -> Easy | F23: 0.17 | G23: B | H23: Long Passage/Business | I23: https://gmatclub.com/forum/a-key-decision-required-of-advertising-managers-206881.html | J23: '
B24: 22 | C24: RC00492-06 | E24: =IF(F24>59%, "Very Hard", IF(F24>39%, "Hard", IF(F24>19%, "Medium", "Easy"))) -> Hard | F24: 0.47 | G24: E | H24: Long Passage/Business | I24: https://gmatclub.com/forum/a-key-decision-required-of-advertising-managers-206881.html | J24: '
B25: 23 | C25: RC00492-07 | E25: =IF(F25>59%, "Very Hard", IF(F25>39%, "Hard", IF(F25>19%, "Medium", "Easy"))) -> Hard | F25: 0.44 | G25: C | H25: Long Passage/Business | I25: https://gmatclub.com/forum/a-key-decision-required-of-advertising-managers-206881.html | J25: '
A26: 5 | B26: 24 | C26: RC00222-01 | E26: =IF(F26>59%, "Very Hard", IF(F26>39%, "Hard", IF(F26>19%, "Medium", "Easy"))) -> Easy | F26: 0.11 | G26: C | H26: Short Passage/Science | I26: https://gmatclub.com/forum/suppose-we-were-in-a-spaceship-in-free-fall-where-objects-are-weightl-204210.html | J26: '
B27: =B26+1 -> 25 | C27: RC00222-02 | E27: =IF(F27>59%, "Very Hard", IF(F27>39%, "Hard", IF(F27>19%, "Medium", "Easy"))) -> Easy | F27: 0.14 | G27: B | H27: Short Passage/Science | I27: https://gmatclub.com/forum/suppose-we-were-in-a-spaceship-in-free-fall-where-objects-are-weightl-204210.html | J27: '
B28: =B27+1 -> 26 | C28: RC00222-03 | E28: =IF(F28>59%, "Very Hard", IF(F28>39%, "Hard", IF(F28>19%, "Medium", "Easy"))) -> Hard | F28: 0.5 | G28: A | H28: Short Passage/Science | I28: https://gmatclub.com/forum/suppose-we-were-in-a-spaceship-in-free-fall-where-objects-are-weightl-204210.html | J28: '
B29: =B28+1 -> 27 | C29: RC00222-04 | E29: =IF(F29>59%, "Very Hard", IF(F29>39%, "Hard", IF(F29>19%, "Medium", "Easy"))) -> Medium | F29: 0.31 | G29: D | H29: Short Passage/Science | I29: https://gmatclub.com/forum/suppose-we-were-in-a-spaceship-in-free-fall-where-objects-are-weightl-204210.html | J29: '
B30: =B29+1 -> 28 | C30: RC00222-05.02 | D30: New | E30: =IF(F30>59%, "Very Hard", IF(F30>39%, "Hard", IF(F30>19%, "Medium", "Easy"))) -> Easy | F30: 0.17 | G30: E | H30: Short Passage/Science | I30: https://gmatclub.com/forum/suppose-we-were-in-a-spaceship-in-free-fall-where-objects-are-weightl-204210.html | J30: '
A31: 6 | B31: =B30+1 -> 29 | C31: RC38000-01.02 | D31: New | E31: =IF(F31>59%, "Very Hard", IF(F31>39%, "Hard", IF(F31>19%, "Medium", "Easy"))) -> Hard | F31: 0.5 | G31: C | H31: Long Passage/Business | I31: http://gmatclub.com/forum/most-pre-1990-literature-on-businesses-use-of-information-technology-16566.html | J31: '
B32: =B31+1 -> 30 | C32: RC38000-02.02 | D32: New | E32: =IF(F32>59%, "Very Hard", IF(F32>39%, "Hard", IF(F32>19%, "Medium", "Easy"))) -> Medium | F32: 0.37 | G32: B | H32: Long Passage/Business | I32: http://gmatclub.com/forum/most-pre-1990-literature-on-businesses-use-of-information-technology-16566.html | J32: '
B33: =B32+1 -> 31 | C33: RC38000-03.02 | D33: New | E33: =IF(F33>59%, "Very Hard", IF(F33>39%, "Hard", IF(F33>19%, "Medium", "Easy"))) -> Easy | F33: 0.17 | G33: A | H33: Long Passage/Business | I33: http://gmatclub.com/forum/most-pre-1990-literature-on-businesses-use-of-information-technology-16566.html | J33: '
B34: =B33+1 -> 32 | C34: RC38000-04.02 | D34: New | E34: =IF(F34>59%, "Very Hard", IF(F34>39%, "Hard", IF(F34>19%, "Medium", "Easy"))) -> Easy | F34: 0.19 | G34: E | H34: Long Passage/Business | I34: http://gmatclub.com/forum/most-pre-1990-literature-on-businesses-use-of-information-technology-16566.html | J34: '
B35: =B34+1 -> 33 | C35: RC38000-05.02 | D35: New | E35: =IF(F35>59%, "Very Hard", IF(F35>39%, "Hard", IF(F35>19%, "Medium", "Easy"))) -> Medium | F35: 0.32 | G35: A | H35: Long Passage/Business | I35: http://gmatclub.com/forum/most-pre-1990-literature-on-businesses-use-of-information-technology-16566.html | J35: '
B36: =B35+1 -> 34 | C36: RC38000-06.02 | D36: New | E36: =IF(F36>59%, "Very Hard", IF(F36>39%, "Hard", IF(F36>19%, "Medium", "Easy"))) -> Hard | F36: 0.43 | G36: E | H36: Long Passage/Business | I36: http://gmatclub.com/forum/most-pre-1990-literature-on-businesses-use-of-information-technology-16566.html | J36: '
B37: =B36+1 -> 35 | C37: RC38000-07.02 | D37: New | E37: =IF(F37>59%, "Very Hard", IF(F37>39%, "Hard", IF(F37>19%, "Medium", "Easy"))) -> Easy | F37: 0.19 | G37: B | H37: Long Passage/Business | I37: http://gmatclub.com/forum/most-pre-1990-literature-on-businesses-use-of-information-technology-16566.html | J37: '
B38: =B37+1 -> 36 | C38: RC38000-08.02 | D38: New | E38: =IF(F38>59%, "Very Hard", IF(F38>39%, "Hard", IF(F38>19%, "Medium", "Easy"))) -> Easy | F38: 0.11 | G38: D | H38: Long Passage/Business | I38: http://gmatclub.com/forum/most-pre-1990-literature-on-businesses-use-of-information-technology-16566.html | J38: '
A39: 6 | B39: =B38+1 -> 37 | C39: RC00267-01 | E39: =IF(F39>59%, "Very Hard", IF(F39>39%, "Hard", IF(F39>19%, "Medium", "Easy"))) -> Very Hard | F39: 0.79 | G39: B | H39: Short Passage/Science | I39: https://gmatclub.com/forum/the-dry-mountain-ranges-of-the-western-united-states-contain-rocks-248026.html | J39: '
B40: =B39+1 -> 38 | C40: RC00267-02 | E40: =IF(F40>59%, "Very Hard", IF(F40>39%, "Hard", IF(F40>19%, "Medium", "Easy"))) -> Very Hard | F40: 0.71 | G40: B | H40: Short Passage/Science | I40: https://gmatclub.com/forum/the-dry-mountain-ranges-of-the-western-united-states-contain-rocks-248026.html | J40: '
B41: =B40+1 -> 39 | C41: RC00267-03 | E41: =IF(F41>59%, "Very Hard", IF(F41>39%, "Hard", IF(F41>19%, "Medium", "Easy"))) -> Easy | F41: 0.19 | G41: E | H41: Short Passage/Science | I41: https://gmatclub.com/forum/the-dry-mountain-ranges-of-the-western-united-states-contain-rocks-248026.html | J41: '
A42: 7 | B42: =B41+1 -> 40 | C42: RC00141-01 | E42: =IF(F42>59%, "Very Hard", IF(F42>39%, "Hard", IF(F42>19%, "Medium", "Easy"))) -> Medium | F42: 0.36 | G42: C | H42: Short Passage/Business | I42: https://gmatclub.com/forum/seventeenth-century-philosopher-john-locke-stated-that-as-much-as-272482.html | J42: '
B43: =B42+1 -> 41 | C43: RC00141-02 | E43: =IF(F43>59%, "Very Hard", IF(F43>39%, "Hard", IF(F43>19%, "Medium", "Easy"))) -> Medium | F43: 0.36 | G43: C | H43: Short Passage/Business | I43: https://gmatclub.com/forum/seventeenth-century-philosopher-john-locke-stated-that-as-much-as-272482.html | J43: '
B44: =B43+1 -> 42 | C44: RC00141-04 | E44: =IF(F44>59%, "Very Hard", IF(F44>39%, "Hard", IF(F44>19%, "Medium", "Easy"))) -> Medium | F44: 0.29 | G44: C | H44: Short Passage/Business | I44: https://gmatclub.com/forum/seventeenth-century-philosopher-john-locke-stated-that-as-much-as-272482.html
B45: =B44+1 -> 43 | C45: RC00141-05 | E45: =IF(F45>59%, "Very Hard", IF(F45>39%, "Hard", IF(F45>19%, "Medium", "Easy"))) -> Medium | F45: 0.3 | G45: D | H45: Short Passage/Business | I45: https://gmatclub.com/forum/seventeenth-century-philosopher-john-locke-stated-that-as-much-as-272482.html
B46: =B45+1 -> 44 | C46: RC00141-06 | E46: =IF(F46>59%, "Very Hard", IF(F46>39%, "Hard", IF(F46>19%, "Medium", "Easy"))) -> Easy | F46: 0.18 | G46: E | H46: Short Passage/Business | I46: https://gmatclub.com/forum/seventeenth-century-philosopher-john-locke-stated-that-as-much-as-272482.html | J46: '
B47: =B46+1 -> 45 | C47: RC00141-07 | E47: =IF(F47>59%, "Very Hard", IF(F47>39%, "Hard", IF(F47>19%, "Medium", "Easy"))) -> Medium | F47: 0.37 | G47: D | H47: Short Passage/Business | I47: https://gmatclub.com/forum/seventeenth-century-philosopher-john-locke-stated-that-as-much-as-272482.html
A48: 8 | B48: =B47+1 -> 46 | C48: RC00204-01 | E48: =IF(F48>59%, "Very Hard", IF(F48>39%, "Hard", IF(F48>19%, "Medium", "Easy"))) -> Hard | F48: 0.56 | G48: A | H48: Long Passage/Humanities | I48: https://gmatclub.com/forum/exactly-when-in-the-early-modern-era-native-americans-began-exchanging-242703.html | J48: '
B49: =B48+1 -> 47 | C49: RC00204-02 | E49: =IF(F49>59%, "Very Hard", IF(F49>39%, "Hard", IF(F49>19%, "Medium", "Easy"))) -> Hard | F49: 0.43 | G49: B | H49: Long Passage/Humanities | I49: https://gmatclub.com/forum/exactly-when-in-the-early-modern-era-native-americans-began-exchanging-242703.html | J49: '
B50: =B49+1 -> 48 | C50: RC00204-03 | E50: =IF(F50>59%, "Very Hard", IF(F50>39%, "Hard", IF(F50>19%, "Medium", "Easy"))) -> Very Hard | F50: 0.64 | G50: D | H50: Long Passage/Humanities | I50: https://gmatclub.com/forum/exactly-when-in-the-early-modern-era-native-americans-began-exchanging-242703.html | J50: '
B51: =B50+1 -> 49 | C51: RC00204-04 | E51: =IF(F51>59%, "Very Hard", IF(F51>39%, "Hard", IF(F51>19%, "Medium", "Easy"))) -> Medium | F51: 0.33 | G51: B | H51: Long Passage/Humanities | I51: https://gmatclub.com/forum/exactly-when-in-the-early-modern-era-native-americans-began-exchanging-242703.html | J51: '
B52: =B51+1 -> 50 | C52: RC00204-05 | E52: =IF(F52>59%, "Very Hard", IF(F52>39%, "Hard", IF(F52>19%, "Medium", "Easy"))) -> Medium | F52: 0.38 | G52: A | H52: Long Passage/Humanities | I52: https://gmatclub.com/forum/exactly-when-in-the-early-modern-era-native-americans-began-exchanging-242703.html | J52: '
B53: =B52+1 -> 51 | C53: RC00204-06 | E53: =IF(F53>59%, "Very Hard", IF(F53>39%, "Hard", IF(F53>19%, "Medium", "Easy"))) -> Medium | F53: 0.21 | G53: E | H53: Long Passage/Humanities | I53: https://gmatclub.com/forum/exactly-when-in-the-early-modern-era-native-americans-began-exchanging-242703.html | J53: '
B54: =B53+1 -> 52 | C54: RC00204-07 | E54: =IF(F54>59%, "Very Hard", IF(F54>39%, "Hard", IF(F54>19%, "Medium", "Easy"))) -> Medium | F54: 0.39 | G54: C | H54: Long Passage/Humanities | I54: https://gmatclub.com/forum/exactly-when-in-the-early-modern-era-native-americans-began-exchanging-242703.html | J54: '
B55: =B54+1 -> 53 | C55: RC00204-08 | E55: =IF(F55>59%, "Very Hard", IF(F55>39%, "Hard", IF(F55>19%, "Medium", "Easy"))) -> Medium | F55: 0.3 | G55: D | H55: Long Passage/Humanities | I55: https://gmatclub.com/forum/exactly-when-in-the-early-modern-era-native-americans-began-exchanging-242703.html | J55: '
B56: =B55+1 -> 54 | C56: RC00204-09 | E56: =IF(F56>59%, "Very Hard", IF(F56>39%, "Hard", IF(F56>19%, "Medium", "Easy"))) -> Medium | F56: 0.31 | G56: A | H56: Long Passage/Humanities | I56: https://gmatclub.com/forum/exactly-when-in-the-early-modern-era-native-americans-began-exchanging-242703.html | J56: '
A57: 9 | B57: =B56+1 -> 55 | C57: RC00201-01 | E57: =IF(F57>59%, "Very Hard", IF(F57>39%, "Hard", IF(F57>19%, "Medium", "Easy"))) -> Medium | F57: 0.33 | G57: C | H57: Short Passage/Science | I57: https://gmatclub.com/forum/determining-whether-a-given-population-of-animals-constitutes-a-distin-242694.html | J57: '
B58: =B57+1 -> 56 | C58: RC00201-03 | E58: =IF(F58>59%, "Very Hard", IF(F58>39%, "Hard", IF(F58>19%, "Medium", "Easy"))) -> Medium | F58: 0.21 | G58: C | H58: Short Passage/Science | I58: https://gmatclub.com/forum/determining-whether-a-given-population-of-animals-constitutes-a-distin-242694.html | J58: '
B59: =B58+1 -> 57 | C59: RC00201-03 | E59: =IF(F59>59%, "Very Hard", IF(F59>39%, "Hard", IF(F59>19%, "Medium", "Easy"))) -> Hard | F59: 0.44 | G59: A | H59: Short Passage/Science | I59: https://gmatclub.com/forum/determining-whether-a-given-population-of-animals-constitutes-a-distin-242694.html | J59: '
B60: =B59+1 -> 58 | C60: RC00201-05 | E60: =IF(F60>59%, "Very Hard", IF(F60>39%, "Hard", IF(F60>19%, "Medium", "Easy"))) -> Very Hard | F60: 0.66 | G60: B | H60: Short Passage/Science | I60: https://gmatclub.com/forum/determining-whether-a-given-population-of-animals-constitutes-a-distin-242694.html | J60: '
A61: 10 | B61: =B60+1 -> 59 | C61: RC00322-01 | E61: =IF(F61>59%, "Very Hard", IF(F61>39%, "Hard", IF(F61>19%, "Medium", "Easy"))) -> Medium | F61: 0.21 | G61: B | H61: Short Passage/Science | I61: https://gmatclub.com/forum/researchers-studying-how-genes-control-animal-behavior-have-131233.html | J61: '
B62: =B61+1 -> 60 | C62: RC00322-02 | E62: =IF(F62>59%, "Very Hard", IF(F62>39%, "Hard", IF(F62>19%, "Medium", "Easy"))) -> Hard | F62: 0.41 | G62: A | H62: Short Passage/Science | I62: https://gmatclub.com/forum/researchers-studying-how-genes-control-animal-behavior-have-131233.html | J62: '
B63: =B62+1 -> 61 | C63: RC00322-05 | E63: =IF(F63>59%, "Very Hard", IF(F63>39%, "Hard", IF(F63>19%, "Medium", "Easy"))) -> Medium | F63: 0.35 | G63: C | H63: Short Passage/Science | I63: https://gmatclub.com/forum/researchers-studying-how-genes-control-animal-behavior-have-131233.html | J63: '
A64: 11 | B64: =B63+1 -> 62 | C64: RC22661-01.01 | E64: =IF(F64>59%, "Very Hard", IF(F64>39%, "Hard", IF(F64>19%, "Medium", "Easy"))) -> Easy | F64: 0.08 | G64: A | H64: Long Passage/Science | I64: https://gmatclub.com/forum/for-most-species-of-animals-the-number-of-individuals-in-the-species-294564.html | J64: '
B65: =B64+1 -> 63 | C65: RC22661-02.01 | E65: =IF(F65>59%, "Very Hard", IF(F65>39%, "Hard", IF(F65>19%, "Medium", "Easy"))) -> Easy | F65: 0.14 | G65: C | H65: Long Passage/Science | I65: https://gmatclub.com/forum/for-most-species-of-animals-the-number-of-individuals-in-the-species-294564.html | J65: '
B66: =B65+1 -> 64 | C66: RC22661-03.01 | E66: =IF(F66>59%, "Very Hard", IF(F66>39%, "Hard", IF(F66>19%, "Medium", "Easy"))) -> Easy | F66: 0.12 | G66: B | H66: Long Passage/Science | I66: https://gmatclub.com/forum/for-most-species-of-animals-the-number-of-individuals-in-the-species-294564.html | J66: '
B67: =B66+1 -> 65 | C67: RC22661-04.01 | E67: =IF(F67>59%, "Very Hard", IF(F67>39%, "Hard", IF(F67>19%, "Medium", "Easy"))) -> Medium | F67: 0.22 | G67: E | H67: Long Passage/Science | I67: https://gmatclub.com/forum/for-most-species-of-animals-the-number-of-individuals-in-the-species-294564.html | J67: '
B68: =B67+1 -> 66 | C68: RC22661-05.01 | E68: =IF(F68>59%, "Very Hard", IF(F68>39%, "Hard", IF(F68>19%, "Medium", "Easy"))) -> Very Hard | F68: 0.6 | G68: B | H68: Long Passage/Science | I68: https://gmatclub.com/forum/for-most-species-of-animals-the-number-of-individuals-in-the-species-294564.html | J68: '
B69: =B68+1 -> 67 | C69: RC22661-06.01 | E69: =IF(F69>59%, "Very Hard", IF(F69>39%, "Hard", IF(F69>19%, "Medium", "Easy"))) -> Medium | F69: 0.28 | G69: D | H69: Long Passage/Science | I69: https://gmatclub.com/forum/for-most-species-of-animals-the-number-of-individuals-in-the-species-294564.html | J69: '
B70: =B69+1 -> 68 | C70: RC22661-07.01 | E70: =IF(F70>59%, "Very Hard", IF(F70>39%, "Hard", IF(F70>19%, "Medium", "Easy"))) -> Easy | F70: 0.09 | G70: C | H70: Long Passage/Science | I70: https://gmatclub.com/forum/for-most-species-of-animals-the-number-of-individuals-in-the-species-294564.html | J70: '
A71: 12 | B71: =B70+1 -> 69 | C71: RC32661-01.01 | E71: =IF(F71>59%, "Very Hard", IF(F71>39%, "Hard", IF(F71>19%, "Medium", "Easy"))) -> Medium | F71: 0.24 | G71: B | H71: Long Passage/Business | I71: https://gmatclub.com/forum/according-to-many-analysts-labor-management-relations-in-the-united-294470.html | J71: '
B72: =B71+1 -> 70 | C72: RC32661-02.01 | E72: =IF(F72>59%, "Very Hard", IF(F72>39%, "Hard", IF(F72>19%, "Medium", "Easy"))) -> Medium | F72: 0.28 | G72: C | H72: Long Passage/Business | I72: https://gmatclub.com/forum/according-to-many-analysts-labor-management-relations-in-the-united-294470.html | J72: '
B73: =B72+1 -> 71 | C73: RC32661-03.01 | E73: =IF(F73>59%, "Very Hard", IF(F73>39%, "Hard", IF(F73>19%, "Medium", "Easy"))) -> Easy | F73: 0.16 | G73: A | H73: Long Passage/Business | I73: https://gmatclub.com/forum/according-to-many-analysts-labor-management-relations-in-the-united-294470.html | J73: '
B74: =B73+1 -> 72 | C74: RC32661-04.01 | E74: =IF(F74>59%, "Very Hard", IF(F74>39%, "Hard", IF(F74>19%, "Medium", "Easy"))) -> Hard | F74: 0.48 | G74: C | H74: Long Passage/Business | I74: https://gmatclub.com/forum/according-to-many-analysts-labor-management-relations-in-the-united-294470.html | J74: '
B75: =B74+1 -> 73 | C75: RC32661-05.01 | E75: =IF(F75>59%, "Very Hard", IF(F75>39%, "Hard", IF(F75>19%, "Medium", "Easy"))) -> Medium | F75: 0.39 | G75: D | H75: Long Passage/Business | I75: https://gmatclub.com/forum/according-to-many-analysts-labor-management-relations-in-the-united-294470.html | J75: '
B76: =B75+1 -> 74 | C76: RC32661-06.01 | E76: =IF(F76>59%, "Very Hard", IF(F76>39%, "Hard", IF(F76>19%, "Medium", "Easy"))) -> Medium | F76: 0.29 | G76: E | H76: Long Passage/Business | I76: https://gmatclub.com/forum/according-to-many-analysts-labor-management-relations-in-the-united-294470.html | J76: '
B77: =B76+1 -> 75 | C77: RC32661-07.01 | E77: =IF(F77>59%, "Very Hard", IF(F77>39%, "Hard", IF(F77>19%, "Medium", "Easy"))) -> Easy | F77: 0.11 | G77: B | H77: Long Passage/Business | I77: https://gmatclub.com/forum/according-to-many-analysts-labor-management-relations-in-the-united-294470.html | J77: '
A78: 13 | B78: =B77+1 -> 76 | C78: RC00097-02 | E78: =IF(F78>59%, "Very Hard", IF(F78>39%, "Hard", IF(F78>19%, "Medium", "Easy"))) -> Medium | F78: 0.27 | G78: E | H78: Short Passage/Social Science | I78: https://gmatclub.com/forum/historians-who-study-european-women-of-the-renaissance-try-to-measure-268528.html | J78: '
B79: =B78+1 -> 77 | C79: RC00097-03 | E79: =IF(F79>59%, "Very Hard", IF(F79>39%, "Hard", IF(F79>19%, "Medium", "Easy"))) -> Medium | F79: 0.39 | G79: B | H79: Short Passage/Social Science | I79: https://gmatclub.com/forum/historians-who-study-european-women-of-the-renaissance-try-to-measure-268528.html | J79: '
B80: =B79+1 -> 78 | C80: RC00097-04 | E80: =IF(F80>59%, "Very Hard", IF(F80>39%, "Hard", IF(F80>19%, "Medium", "Easy"))) -> Medium | F80: 0.39 | G80: C | H80: Short Passage/Social Science | I80: https://gmatclub.com/forum/historians-who-study-european-women-of-the-renaissance-try-to-measure-268528.html | J80: '
B81: =B80+1 -> 79 | C81: RC00097-05 | E81: =IF(F81>59%, "Very Hard", IF(F81>39%, "Hard", IF(F81>19%, "Medium", "Easy"))) -> Hard | F81: 0.59 | G81: E | H81: Short Passage/Social Science | I81: https://gmatclub.com/forum/historians-who-study-european-women-of-the-renaissance-try-to-measure-268528.html | J81: '
B82: =B81+1 -> 80 | C82: RC00097-06 | E82: =IF(F82>59%, "Very Hard", IF(F82>39%, "Hard", IF(F82>19%, "Medium", "Easy"))) -> Hard | F82: 0.48 | G82: D | H82: Short Passage/Social Science | I82: https://gmatclub.com/forum/historians-who-study-european-women-of-the-renaissance-try-to-measure-268528.html | J82: '
A83: 14 | B83: =B82+1 -> 81 | C83: RC00054-01 | E83: =IF(F83>59%, "Very Hard", IF(F83>39%, "Hard", IF(F83>19%, "Medium", "Easy"))) -> Easy | F83: 0.15 | G83: B | H83: Short passage / Science | I83: https://gmatclub.com/forum/in-addition-to-conventional-galaxies-the-universe-contains-83987.html | J83: '
B84: =B83+1 -> 82 | C84: RC00054-02 | E84: =IF(F84>59%, "Very Hard", IF(F84>39%, "Hard", IF(F84>19%, "Medium", "Easy"))) -> Medium | F84: 0.32 | G84: C | H84: Short passage / Science | I84: https://gmatclub.com/forum/in-addition-to-conventional-galaxies-the-universe-contains-83987.html | J84: '
B85: =B84+1 -> 83 | C85: RC00054-03 | E85: =IF(F85>59%, "Very Hard", IF(F85>39%, "Hard", IF(F85>19%, "Medium", "Easy"))) -> Easy | F85: 0.19 | G85: B | H85: Short passage / Science | I85: https://gmatclub.com/forum/in-addition-to-conventional-galaxies-the-universe-contains-83987.html | J85: '
B86: =B85+1 -> 84 | C86: RC00054-04 | E86: =IF(F86>59%, "Very Hard", IF(F86>39%, "Hard", IF(F86>19%, "Medium", "Easy"))) -> Medium | F86: 0.28 | G86: A | H86: Short passage / Science | I86: https://gmatclub.com/forum/in-addition-to-conventional-galaxies-the-universe-contains-83987.html | J86: '
B87: =B86+1 -> 85 | C87: RC00054-05 | E87: =IF(F87>59%, "Very Hard", IF(F87>39%, "Hard", IF(F87>19%, "Medium", "Easy"))) -> Medium | F87: 0.38 | G87: C | H87: Short passage / Science | I87: https://gmatclub.com/forum/in-addition-to-conventional-galaxies-the-universe-contains-83987.html | J87: '
B88: =B87+1 -> 86 | C88: RC00054-06 | E88: =IF(F88>59%, "Very Hard", IF(F88>39%, "Hard", IF(F88>19%, "Medium", "Easy"))) -> Hard | F88: 0.47 | G88: E | H88: Short passage / Science | I88: https://gmatclub.com/forum/in-addition-to-conventional-galaxies-the-universe-contains-83987.html | J88: '
B89: =B88+1 -> 87 | C89: RC00054-07 | E89: =IF(F89>59%, "Very Hard", IF(F89>39%, "Hard", IF(F89>19%, "Medium", "Easy"))) -> Medium | F89: 0.35 | G89: A | H89: Short passage / Science | I89: https://gmatclub.com/forum/in-addition-to-conventional-galaxies-the-universe-contains-83987.html
A90: 15 | B90: =B89+1 -> 88 | C90: RC11238-01 | E90: =IF(F90>59%, "Very Hard", IF(F90>39%, "Hard", IF(F90>19%, "Medium", "Easy"))) -> Medium | F90: 0.33 | G90: B | H90: Short passage / Business | I90: https://gmatclub.com/forum/the-fact-that-superior-service-can-generate-a-competitive-advantage-fo-67847.html
B91: =B90+1 -> 89 | C91: RC11238-02 | E91: =IF(F91>59%, "Very Hard", IF(F91>39%, "Hard", IF(F91>19%, "Medium", "Easy"))) -> Very Hard | F91: 0.62 | G91: C | H91: Short passage / Business | I91: https://gmatclub.com/forum/the-fact-that-superior-service-can-generate-a-competitive-advantage-fo-67847.html
B92: =B91+1 -> 90 | C92: RC11238-03 | E92: =IF(F92>59%, "Very Hard", IF(F92>39%, "Hard", IF(F92>19%, "Medium", "Easy"))) -> Hard | F92: 0.55 | G92: A | H92: Short passage / Business | I92: https://gmatclub.com/forum/the-fact-that-superior-service-can-generate-a-competitive-advantage-fo-67847.html
B93: =B92+1 -> 91 | C93: RC11238-04 | E93: =IF(F93>59%, "Very Hard", IF(F93>39%, "Hard", IF(F93>19%, "Medium", "Easy"))) -> Hard | F93: 0.58 | G93: D | H93: Short passage / Business | I93: https://gmatclub.com/forum/the-fact-that-superior-service-can-generate-a-competitive-advantage-fo-67847.html
B94: =B93+1 -> 92 | C94: RC11238-05 | E94: =IF(F94>59%, "Very Hard", IF(F94>39%, "Hard", IF(F94>19%, "Medium", "Easy"))) -> Medium | F94: 0.32 | G94: E | H94: Short passage / Business | I94: https://gmatclub.com/forum/the-fact-that-superior-service-can-generate-a-competitive-advantage-fo-67847.html
B95: =B94+1 -> 93 | C95: RC11238-06 | E95: =IF(F95>59%, "Very Hard", IF(F95>39%, "Hard", IF(F95>19%, "Medium", "Easy"))) -> Medium | F95: 0.35 | G95: B | H95: Short passage / Business | I95: https://gmatclub.com/forum/the-fact-that-superior-service-can-generate-a-competitive-advantage-fo-67847.html | J95: '
A96: 16 | B96: =B95+1 -> 94 | C96: RC00548-01.02 | D96: New | E96: =IF(F96>59%, "Very Hard", IF(F96>39%, "Hard", IF(F96>19%, "Medium", "Easy"))) -> Hard | F96: 0.59 | G96: C | H96: Short passage / Humanities | I96: https://gmatclub.com/forum/antonia-castaneda-has-utilized-scholarship-from-women-s-studies-and-me-242693.html | J96: '
B97: =B96+1 -> 95 | C97: RC00548-03 | E97: =IF(F97>59%, "Very Hard", IF(F97>39%, "Hard", IF(F97>19%, "Medium", "Easy"))) -> Very Hard | F97: 0.68 | G97: D | H97: Short passage / Humanities | I97: https://gmatclub.com/forum/antonia-castaneda-has-utilized-scholarship-from-women-s-studies-and-me-242693.html | J97: '
B98: =B97+1 -> 96 | C98: RC00548-04 | E98: =IF(F98>59%, "Very Hard", IF(F98>39%, "Hard", IF(F98>19%, "Medium", "Easy"))) -> Medium | F98: 0.38 | G98: A | H98: Short passage / Humanities | I98: https://gmatclub.com/forum/antonia-castaneda-has-utilized-scholarship-from-women-s-studies-and-me-242693.html | J98: '
B99: =B98+1 -> 97 | C99: RC00548-05 | E99: =IF(F99>59%, "Very Hard", IF(F99>39%, "Hard", IF(F99>19%, "Medium", "Easy"))) -> Hard | F99: 0.47 | G99: C | H99: Short passage / Humanities | I99: https://gmatclub.com/forum/antonia-castaneda-has-utilized-scholarship-from-women-s-studies-and-me-242693.html | J99: '
A100: 17 | B100: =B99+1 -> 98 | C100: RC00533-03 | E100: =IF(F100>59%, "Very Hard", IF(F100>39%, "Hard", IF(F100>19%, "Medium", "Easy"))) -> Very Hard | F100: 0.62 | G100: B | H100: Short passage / Science | I100: https://gmatclub.com/forum/this-passage-is-excerpted-from-material-published-in-1997-sc-242687.html | J100: '
...

Sheet CR
A1: GMAT Club Guide to The GMAT Verbal Review 2021
A2: Question | B2: ID | C2: New ? | D2: Difficulty | E2: Percentile | F2: OA | G2: Primary Category | H2: Link
A3: 113 | B3: CR14249 | D3: =IF(E3>74%, "Very Hard", IF(E3>49%, "Hard", IF(E3>24%, "Medium", "Easy"))) -> Easy | E3: 0.05 | F3: C | G3: Strengthen | H3: https://gmatclub.com/forum/phishco-runs-a-number-of-farms-in-the-arid-province-of-nufa-depending-220705.html
A4: =A3+1 -> 114 | B4: CR12701.02 | C4: New | D4: =IF(E4>74%, "Very Hard", IF(E4>49%, "Hard", IF(E4>24%, "Medium", "Easy"))) -> Medium | E4: 0.35 | F4: D | G4: Weaken | H4: http://gmatclub.com/forum/stockholders-have-been-critical-of-the-flyna-company-a-major-furnitur-321874.html
A5: =A4+1 -> 115 | B5: CR12721.02 | C5: New | D5: =IF(E5>74%, "Very Hard", IF(E5>49%, "Hard", IF(E5>24%, "Medium", "Easy"))) -> Medium | E5: 0.45 | F5: D | G5: Strengthen | H5: http://gmatclub.com/forum/the-xct-automobile-is-considered-less-valuable-than-the-znk-automobile-321875.html
A6: =A5+1 -> 116 | B6: CR07612 | D6: =IF(E6>74%, "Very Hard", IF(E6>49%, "Hard", IF(E6>24%, "Medium", "Easy"))) -> Easy | E6: 0.05 | F6: B | G6: Inference | H6: https://gmatclub.com/forum/the-sustained-massive-use-of-pesticides-in-farming-has-two-152683.html
A7: =A6+1 -> 117 | B7: CR00701 | D7: =IF(E7>74%, "Very Hard", IF(E7>49%, "Hard", IF(E7>24%, "Medium", "Easy"))) -> Easy | E7: 0.05 | F7: B | G7: Complete the passage | H7: https://gmatclub.com/forum/manufacturers-are-now-required-to-make-all-cigarette-lighters-child-re-159898.html
A8: =A7+1 -> 118 | B8: CR04192 | D8: =IF(E8>74%, "Very Hard", IF(E8>49%, "Hard", IF(E8>24%, "Medium", "Easy"))) -> Easy | E8: 0.05 | F8: A | G8: Complete the passage | H8: https://gmatclub.com/forum/a-business-analysis-of-the-appenian-railroad-system-divided-its-long-d-206878.html
A9: =A8+1 -> 119 | B9: CR52441.01 | D9: =IF(E9>74%, "Very Hard", IF(E9>49%, "Hard", IF(E9>24%, "Medium", "Easy"))) -> Medium | E9: 0.25 | F9: C | G9: Strengthen | H9: https://gmatclub.com/forum/in-its-search-for-new-technologies-for-solar-energy-that-can-produce-294495.html
A10: =A9+1 -> 120 | B10: CR03129 | D10: =IF(E10>74%, "Very Hard", IF(E10>49%, "Hard", IF(E10>24%, "Medium", "Easy"))) -> Easy | E10: 0.05 | F10: D | G10: Strengthen | H10: https://gmatclub.com/forum/verbal-review-2-16-ed-although-ackerburg-s-subway-system-is-currently-209027.html
A11: =A10+1 -> 121 | B11: CR59590.02 | C11: New | D11: =IF(E11>74%, "Very Hard", IF(E11>49%, "Hard", IF(E11>24%, "Medium", "Easy"))) -> Easy | E11: 0.15 | F11: B | G11: Resolve Paradox | H11: http://gmatclub.com/forum/at-several-locations-on-the-northwest-coast-of-north-americ-321876.html
A12: =A11+1 -> 122 | B12: CR20531.01 | D12: =IF(E12>74%, "Very Hard", IF(E12>49%, "Hard", IF(E12>24%, "Medium", "Easy"))) -> Easy | E12: 0.05 | F12: B | G12: Assumption | H12: https://gmatclub.com/forum/sparrow-airlines-is-planning-to-reduce-its-costs-by-cleaning-its-plane-294496.html
A13: =A12+1 -> 123 | B13: CR00828 | D13: =IF(E13>74%, "Very Hard", IF(E13>49%, "Hard", IF(E13>24%, "Medium", "Easy"))) -> Easy | E13: 0.15 | F13: B | G13: Assumption | H13: https://gmatclub.com/forum/patrick-usually-provides-child-care-for-six-children-144657.html
A14: =A13+1 -> 124 | B14: CR10639 | D14: =IF(E14>74%, "Very Hard", IF(E14>49%, "Hard", IF(E14>24%, "Medium", "Easy"))) -> Medium | E14: 0.25 | F14: A | G14: Strengthen | H14: https://gmatclub.com/forum/editorial-consumers-in-north-america-think-that-by-drinking-frozen-co-242652.html
A15: =A14+1 -> 125 | B15: CR07618 | D15: =IF(E15>74%, "Very Hard", IF(E15>49%, "Hard", IF(E15>24%, "Medium", "Easy"))) -> Easy | E15: 0.05 | F15: C | G15: Conclusion | H15: https://gmatclub.com/forum/a-computer-equipped-with-signature-recognition-software-68722.html
A16: =A15+1 -> 126 | B16: CR02958 | D16: =IF(E16>74%, "Very Hard", IF(E16>49%, "Hard", IF(E16>24%, "Medium", "Easy"))) -> Easy | E16: 0.05 | F16: D | G16: Resolve Paradox | H16: https://gmatclub.com/forum/the-rate-at-which-a-road-wears-depends-on-various-factors-including-c-221752.html
A17: =A16+1 -> 127 | B17: CR75231.01 | D17: =IF(E17>74%, "Very Hard", IF(E17>49%, "Hard", IF(E17>24%, "Medium", "Easy"))) -> Hard | E17: 0.55 | F17: E | G17: Assumption | H17: https://gmatclub.com/forum/ythex-has-developed-a-small-diesel-engine-that-produces-30-percent-les-294497.html
A18: =A17+1 -> 128 | B18: CR04073 | D18: =IF(E18>74%, "Very Hard", IF(E18>49%, "Hard", IF(E18>24%, "Medium", "Easy"))) -> Easy | E18: 0.05 | F18: A | G18: Must be True | H18: https://gmatclub.com/forum/in-parts-of-south-america-vitamin-a-deficiency-is-a-serious-health-pr-86372.html
A19: =A18+1 -> 129 | B19: CR06018 | D19: =IF(E19>74%, "Very Hard", IF(E19>49%, "Hard", IF(E19>24%, "Medium", "Easy"))) -> Easy | E19: 0.05 | F19: C | G19: Complete the passage | H19: https://gmatclub.com/forum/the-last-members-of-a-now-extinct-species-of-a-european-wild-deer-call-33561.html
A20: =A19+1 -> 130 | B20: CR28931.01 | D20: =IF(E20>74%, "Very Hard", IF(E20>49%, "Hard", IF(E20>24%, "Medium", "Easy"))) -> Very Hard | E20: 0.75 | F20: A | G20: Assumption | H20: https://gmatclub.com/forum/super-express-shipping-company-has-implemented-a-new-distribution-294498.html
A21: =A20+1 -> 131 | B21: CR04738 | D21: =IF(E21>74%, "Very Hard", IF(E21>49%, "Hard", IF(E21>24%, "Medium", "Easy"))) -> Easy | E21: 0.15 | F21: B | G21: Weaken | H21: https://gmatclub.com/forum/cocoa-grown-organically-on-trees-within-the-shade-of-the-rain-forest-268678.html
A22: =A21+1 -> 132 | B22: CR91131.02 | C22: New | D22: =IF(E22>74%, "Very Hard", IF(E22>49%, "Hard", IF(E22>24%, "Medium", "Easy"))) -> Hard | E22: 0.55 | F22: B | G22: Evaluate Argument/Strengthen | H22: http://gmatclub.com/forum/psychologists-conducted-an-experiment-in-which-half-of-the-volunteers-321877.html
A23: =A22+1 -> 133 | B23: CR07847 | D23: =IF(E23>74%, "Very Hard", IF(E23>49%, "Hard", IF(E23>24%, "Medium", "Easy"))) -> Easy | E23: 0.05 | F23: A | G23: Inference | H23: https://gmatclub.com/forum/high-levels-of-fertilizer-and-pesticides-needed-when-14620.html
A24: =A23+1 -> 134 | B24: CR02270 | D24: =IF(E24>74%, "Very Hard", IF(E24>49%, "Hard", IF(E24>24%, "Medium", "Easy"))) -> Medium | E24: 0.25 | F24: D | G24: Inference | H24: https://gmatclub.com/forum/ten-years-ago-the-number-of-taxpayers-in-green-county-was-slightly-gre-219422.html
A25: =A24+1 -> 135 | B25: CR01298 | D25: =IF(E25>74%, "Very Hard", IF(E25>49%, "Hard", IF(E25>24%, "Medium", "Easy"))) -> Medium | E25: 0.35 | F25: A | G25: Resolve Paradox | H25: https://gmatclub.com/forum/from-1900-until-the-1930s-pellagra-a-disease-later-discovered-to-res-268729.html
A26: =A25+1 -> 136 | B26: CR07589 | D26: =IF(E26>74%, "Very Hard", IF(E26>49%, "Hard", IF(E26>24%, "Medium", "Easy"))) -> Easy | E26: 0.05 | F26: C | G26: Assumption | H26: https://gmatclub.com/forum/the-interview-is-an-essential-part-of-a-successful-hiring-program-beca-204962.html
A27: =A26+1 -> 137 | B27: CR07785 | D27: =IF(E27>74%, "Very Hard", IF(E27>49%, "Hard", IF(E27>24%, "Medium", "Easy"))) -> Easy | E27: 0.15 | F27: E | G27: Evaluate Argument | H27: https://gmatclub.com/forum/many-leadership-theories-have-provided-evidence-that-leaders-affect-gr-221750.html
A28: =A27+1 -> 138 | B28: CR03535 | D28: =IF(E28>74%, "Very Hard", IF(E28>49%, "Hard", IF(E28>24%, "Medium", "Easy"))) -> Easy | E28: 0.05 | F28: C | G28: Strengthen | H28: https://gmatclub.com/forum/a-major-health-insurance-company-in-lagolia-161150.html
A29: =A28+1 -> 139 | B29: CR03826 | D29: =IF(E29>74%, "Very Hard", IF(E29>49%, "Hard", IF(E29>24%, "Medium", "Easy"))) -> Medium | E29: 0.25 | F29: B | G29: Resolve Paradox | H29: https://gmatclub.com/forum/automobile-ownership-was-rare-in-sabresia-as-recently-as-30-years-ago-268709.html
A30: =A29+1 -> 140 | B30: CR01430 | D30: =IF(E30>74%, "Very Hard", IF(E30>49%, "Hard", IF(E30>24%, "Medium", "Easy"))) -> Easy | E30: 0.05 | F30: A | G30: Additional Evidence | H30: https://gmatclub.com/forum/to-evaluate-a-plan-to-save-money-on-office-space-19630.html
A31: =A30+1 -> 141 | B31: CR04180 | D31: =IF(E31>74%, "Very Hard", IF(E31>49%, "Hard", IF(E31>24%, "Medium", "Easy"))) -> Medium | E31: 0.25 | F31: A | G31: Weaken | H31: https://gmatclub.com/forum/a-child-learning-to-play-the-piano-will-not-succeed-unless-the-child-268745.html
A32: =A31+1 -> 142 | B32: CR05096 | D32: =IF(E32>74%, "Very Hard", IF(E32>49%, "Hard", IF(E32>24%, "Medium", "Easy"))) -> Easy | E32: 0.15 | F32: D | G32: Weaken | H32: https://gmatclub.com/forum/nutritionists-are-advising-people-to-eat-more-fish-since-the-omega-219279.html
A33: =A32+1 -> 143 | B33: CR02851 | D33: =IF(E33>74%, "Very Hard", IF(E33>49%, "Hard", IF(E33>24%, "Medium", "Easy"))) -> Medium | E33: 0.35 | F33: B | G33: Complete the passage | H33: https://gmatclub.com/forum/market-forecaster-the-price-of-pecans-is-high-when-pecans-are-compara-268684.html
A34: =A33+1 -> 144 | B34: CR06331 | D34: =IF(E34>74%, "Very Hard", IF(E34>49%, "Hard", IF(E34>24%, "Medium", "Easy"))) -> Easy | E34: 0.05 | F34: B | G34: Logical Flaw | H34: https://gmatclub.com/forum/it-is-often-said-that-high-rates-of-inflation-tend-to-diminish-people-209026.html
... A78: =A77+1 -> 188 | B78: CR09046 | D78: =IF(E78>74%, "Very Hard", IF(E78>49%, "Hard", IF(E78>24%, "Medium", "Easy"))) -> Hard | E78: 0.65 | F78: B | G78: Evaluate Argument | H78: https://gmatclub.com/forum/economist-paying-extra-for-fair-trade-coffee-coffee-labeled-with-the-241317.html
A79: =A78+1 -> 189 | B79: CR66900.02 | C79: New | D79: =IF(E79>74%, "Very Hard", IF(E79>49%, "Hard", IF(E79>24%, "Medium", "Easy"))) -> Medium | E79: 0.45 | F79: C | G79: Resolve Paradox | H79: http://gmatclub.com/forum/twenty-five-years-ago-2-000-married-people-were-asked-to-rank-four-ca-321879.html
A80: =A79+1 -> 190 | B80: CR59820.02 | C80: New | D80: =IF(E80>74%, "Very Hard", IF(E80>49%, "Hard", IF(E80>24%, "Medium", "Easy"))) -> Very Hard | E80: 0.95 | F80: E | G80: Bold Face CR | H80: http://gmatclub.com/forum/in-order-to-achieve-self-sufficiency-in-electricity-production-the-has-321880.html
A81: =A80+1 -> 191 | B81: CR89820.02 | C81: New | D81: =IF(E81>74%, "Very Hard", IF(E81>49%, "Hard", IF(E81>24%, "Medium", "Easy"))) -> Medium | E81: 0.45 | F81: E | G81: Evaluate Argument/Weaken | H81: http://gmatclub.com/forum/in-cecropia-inspections-of-fishing-boats-that-estimate-the-number-of-321882.html
A82: =A81+1 -> 192 | B82: CR55030.02 | C82: New | D82: =IF(E82>74%, "Very Hard", IF(E82>49%, "Hard", IF(E82>24%, "Medium", "Easy"))) -> Medium | E82: 0.25 | F82: C | G82: Bold Face CR | H82: http://gmatclub.com/forum/consultant-a-significant-number-of-complex-repair-jobs-carried-out-321883.html
A83: =A82+1 -> 193 | B83: CR08540.02 | C83: New | D83: =IF(E83>74%, "Very Hard", IF(E83>49%, "Hard", IF(E83>24%, "Medium", "Easy"))) -> Very Hard | E83: 0.95 | F83: E | G83: Inference | H83: http://gmatclub.com/forum/half-of-metroburg-s-operating-budget-comes-from-a-payroll-tax-of-2-per-321884.html
A84: =A83+1 -> 194 | B84: CR62740.02 | C84: New | D84: =IF(E84>74%, "Very Hard", IF(E84>49%, "Hard", IF(E84>24%, "Medium", "Easy"))) -> Very Hard | E84: 0.95 | F84: E | G84: Inference | H84: http://gmatclub.com/forum/a-library-currently-has-only-coin-operated-photocopy-machines-which-c-321885.html
A85: =A84+1 -> 195 | B85: CR09740.02 | C85: New | D85: =IF(E85>74%, "Very Hard", IF(E85>49%, "Hard", IF(E85>24%, "Medium", "Easy"))) -> Very Hard | E85: 0.85 | F85: D | G85: Inference | H85: http://gmatclub.com/forum/harvester-ant-colonies-live-for-fifteen-to-twenty-years-though-indivi-321886.html
A86: =A85+1 -> 196 | B86: CR29940.02 | C86: New | D86: =IF(E86>74%, "Very Hard", IF(E86>49%, "Hard", IF(E86>24%, "Medium", "Easy"))) -> Medium | E86: 0.45 | F86: D | G86: Strengthen | H86: http://gmatclub.com/forum/trucking-company-owner-theft-of-trucks-containing-valuable-cargo-is-a-321887.html
A87: =A86+1 -> 197 | B87: CR11050.02 | C87: New | D87: =IF(E87>74%, "Very Hard", IF(E87>49%, "Hard", IF(E87>24%, "Medium", "Easy"))) -> Very Hard | E87: 0.85 | F87: B | G87: Assumption | H87: http://gmatclub.com/forum/to-improve-customer-relations-several-big-retailers-have-recently-321890.html
A88: =A87+1 -> 198 | B88: CR55190.02 | C88: New | D88: =IF(E88>74%, "Very Hard", IF(E88>49%, "Hard", IF(E88>24%, "Medium", "Easy"))) -> Very Hard | E88: 0.95 | F88: C | G88: Logical Flaw | H88: http://gmatclub.com/forum/many-economists-hold-that-keeping-taxes-low-helps-to-spur-economic-gro-321891.html
A89: =A88+1 -> 199 | B89: CR11080.02 | C89: New | D89: =IF(E89>74%, "Very Hard", IF(E89>49%, "Hard", IF(E89>24%, "Medium", "Easy"))) -> Very Hard | E89: 0.95 | F89: C | G89: Logical Flaw | H89: http://gmatclub.com/forum/urban-rail-systems-have-been-proposed-to-alleviate-traffic-congestion-321897.html
A90: =A89+1 -> 200 | B90: CR63780.02 | C90: New | D90: =IF(E90>74%, "Very Hard", IF(E90>49%, "Hard", IF(E90>24%, "Medium", "Easy"))) -> Very Hard | E90: 0.95 | F90: C | G90: Weaken | H90: http://gmatclub.com/forum/mayor-the-financial-livelihood-of-our-downtown-businesses-is-in-jeopa-321898.html
A91: =A90+1 -> 201 | B91: CR28001.02 | C91: New | D91: =IF(E91>74%, "Very Hard", IF(E91>49%, "Hard", IF(E91>24%, "Medium", "Easy"))) -> Medium | E91: 0.45 | F91: A | G91: Conclusion/Inference | H91: http://gmatclub.com/forum/compact-fluorescent-light-cfl-bulbs-are-growing-in-market-share-as-a-321900.html
A92: =A91+1 -> 202 | B92: CR01887 | D92: =IF(E92>74%, "Very Hard", IF(E92>49%, "Hard", IF(E92>24%, "Medium", "Easy"))) -> Hard | E92: 0.55 | F92: E | G92: Except | H92: https://gmatclub.com/forum/qotd-tanco-a-leather-manufacturer-uses-large-quantities-260973.html
A93: =A92+1 -> 203 | B93: CR04999 | D93: =IF(E93>74%, "Very Hard", IF(E93>49%, "Hard", IF(E93>24%, "Medium", "Easy"))) -> Hard | E93: 0.65 | F93: B | G93: Logical Flaw | H93: https://gmatclub.com/forum/colorless-diamonds-can-command-high-prices-as-gemstones-a-type-of-les-201164.html
A94: =A93+1 -> 204 | B94: CR14448 | D94: =IF(E94>74%, "Very Hard", IF(E94>49%, "Hard", IF(E94>24%, "Medium", "Easy"))) -> Hard | E94: 0.55 | F94: B | G94: Method of Reasoning | H94: https://gmatclub.com/forum/the-sumpton-town-council-recently-voted-to-pay-a-prominent-artist-to-c-221736.html
A95: =A94+1 -> 205 | B95: CR09085 | D95: =IF(E95>74%, "Very Hard", IF(E95>49%, "Hard", IF(E95>24%, "Medium", "Easy"))) -> Hard | E95: 0.55 | F95: D | G95: Assumption | H95: https://gmatclub.com/forum/jay-of-course-there-are-many-good-reasons-to-support-the-expansion-of-241715.html
A96: =A95+1 -> 206 | B96: CR01766 | D96: =IF(E96>74%, "Very Hard", IF(E96>49%, "Hard", IF(E96>24%, "Medium", "Easy"))) -> Medium | E96: 0.25 | F96: B | G96: Strengthen | H96: https://gmatclub.com/forum/boreal-owls-range-over-a-much-larger-area-than-do-other-owls-73155.html
A97: =A96+1 -> 207 | B97: CR12567 | D97: =IF(E97>74%, "Very Hard", IF(E97>49%, "Hard", IF(E97>24%, "Medium", "Easy"))) -> Medium | E97: 0.35 | F97: B | G97: Weaken | H97: https://gmatclub.com/forum/microbiologist-a-lethal-strain-of-salmonella-recently-showed-up-in-a-221739.html
A98: =A97+1 -> 208 | B98: CR37090.02 | C98: New | D98: =IF(E98>74%, "Very Hard", IF(E98>49%, "Hard", IF(E98>24%, "Medium", "Easy"))) -> Very Hard | E98: 0.85 | F98: D | G98: Complete the Passage | H98: http://gmatclub.com/forum/economist-construction-moves-faster-in-good-weather-than-in-bad-so-m-321903.html
A99: =A98+1 -> 209 | B99: CR03416 | D99: =IF(E99>74%, "Very Hard", IF(E99>49%, "Hard", IF(E99>24%, "Medium", "Easy"))) -> Hard | E99: 0.55 | F99: B | G99: Bold Face | H99: https://gmatclub.com/forum/historian-newton-developed-mathematical-concepts-and-techniques-that-248028.html
A100: =A99+1 -> 210 | B100: CR03867 | D100: =IF(E100>74%, "Very Hard", IF(E100>49%, "Hard", IF(E100>24%, "Medium", "Easy"))) -> Hard | E100: 0.65 | F100: D | G100: Strengthen | H100: https://gmatclub.com/forum/for-over-two-centuries-no-one-had-been-able-to-make-damascus-blades-b-207795.html
A101: =A100+1 -> 211 | B101: CR01903 | D101: =IF(E101>74%, "Very Hard", IF(E101>49%, "Hard", IF(E101>24%, "Medium", "Easy"))) -> Hard | E101: 0.65 | F101: E | G101: Weaken | H101: https://gmatclub.com/forum/images-from-ground-based-telescopes-are-invariably-distorted-by-the-208210.html
A102: =A101+1 -> 212 | B102: CR07562 | D102: =IF(E102>74%, "Very Hard", IF(E102>49%, "Hard", IF(E102>24%, "Medium", "Easy"))) -> Medium | E102: 0.35 | F102: D | G102: Assumption | H102: https://gmatclub.com/forum/generally-scientists-enter-their-field-with-the-goal-of-61399.html
A103: =A102+1 -> 213 | B103: CR07676 | D103: =IF(E103>74%, "Very Hard", IF(E103>49%, "Hard", IF(E103>24%, "Medium", "Easy"))) -> Hard | E103: 0.55 | F103: A | G103: Weaken | H103: https://gmatclub.com/forum/urban-planner-when-a-city-loses-population-due-to-migration-property-241639.html
A104: =A103+1 -> 214 | B104: CR01338 | D104: =IF(E104>74%, "Very Hard", IF(E104>49%, "Hard", IF(E104>24%, "Medium", "Easy"))) -> Medium | E104: 0.25 | F104: B | G104: Complete the Passage | H104: https://gmatclub.com/forum/qotd-utrania-was-formerly-a-major-petroleum-exporter-254972.html
A105: =A104+1 -> 215 | B105: CR09592 | D105: =IF(E105>74%, "Very Hard", IF(E105>49%, "Hard", IF(E105>24%, "Medium", "Easy"))) -> Medium | E105: 0.25 | F105: A | G105: Strengthen | H105: https://gmatclub.com/forum/the-use-of-growth-promoting-antibiotics-in-hog-farming-can-weaken-241925.html
A106: =A105+1 -> 216 | B106: CR10678 | D106: =IF(E106>74%, "Very Hard", IF(E106>49%, "Hard", IF(E106>24%, "Medium", "Easy"))) -> Hard | E106: 0.55 | F106: B | G106: Weaken | H106: https://gmatclub.com/forum/in-an-experiment-volunteers-walked-individually-through-a-dark-aband-221735.html
A107: =A106+1 -> 217 | B107: CR05665 | D107: =IF(E107>74%, "Very Hard", IF(E107>49%, "Hard", IF(E107>24%, "Medium", "Easy"))) -> Easy | E107: 0.05 | F107: E | G107: Weaken | H107: https://gmatclub.com/forum/in-order-to-reduce-dependence-on-imported-oil-the-government-of-jalic-201604.html
A108: =A107+1 -> 218 | B108: CR01173 | D108: =IF(E108>74%, "Very Hard", IF(E108>49%, "Hard", IF(E108>24%, "Medium", "Easy"))) -> Hard | E108: 0.65 | F108: B | G108: Evaluate Argument | H108: https://gmatclub.com/forum/plantings-of-cotton-bioengineered-to-produce-its-own-40006.html
A109: =A108+1 -> 219 | B109: CR03331 | D109: =IF(E109>74%, "Very Hard", IF(E109>49%, "Hard", IF(E109>24%, "Medium", "Easy"))) -> Medium | E109: 0.45 | F109: D | G109: Weaken | H109: https://gmatclub.com/forum/typically-during-thunderstorms-most-lightning-strikes-carry-a-negative-241638.html
A110: =A109+1 -> 220 | B110: CR01140 | D110: =IF(E110>74%, "Very Hard", IF(E110>49%, "Hard", IF(E110>24%, "Medium", "Easy"))) -> Hard | E110: 0.55 | F110: A | G110: Assumption | H110: https://gmatclub.com/forum/qotd-many-gardeners-believe-that-the-variety-of-clematis-vine-259717.html
... A117: =A116+1 -> 227 | B117: CR09969 | D117: =IF(E117>74%, "Very Hard", IF(E117>49%, "Hard", IF(E117>24%, "Medium", "Easy"))) -> Very Hard | E117: 0.95 | F117: C | G117: Weaken | H117: https://gmatclub.com/forum/music-critic-fewer-and-fewer-musicians-are-studying-classical-music-242648.html
A118: =A117+1 -> 228 | B118: CR67850.02 | C118: New | D118: =IF(E118>74%, "Very Hard", IF(E118>49%, "Hard", IF(E118>24%, "Medium", "Easy"))) -> Very Hard | E118: 0.95 | F118: C | G118: Resolve Paradox | H118: http://gmatclub.com/forum/people-with-a-college-degree-are-more-likely-than-others-to-search-for-321904.html
A119: =A118+1 -> 229 | B119: CR20190.02 | C119: New | D119: =IF(E119>74%, "Very Hard", IF(E119>49%, "Hard", IF(E119>24%, "Medium", "Easy"))) -> Very Hard | E119: 0.95 | F119: E | G119: Must be True | H119: http://gmatclub.com/forum/to-reduce-traffic-congestion-city-x-s-transportation-bureau-plans-to-321905.html
A120: =A119+1 -> 230 | B120: CR05656 | D120: =IF(E120>74%, "Very Hard", IF(E120>49%, "Hard", IF(E120>24%, "Medium", "Easy"))) -> Medium | E120: 0.45 | F120: B | G120: Strengthen | H120: https://gmatclub.com/forum/qotd-commemorative-plaques-cast-from-brass-are-a-265291.html
A121: =A120+1 -> 231 | B121: CR56601.02 | C121: New | D121: =IF(E121>74%, "Very Hard", IF(E121>49%, "Hard", IF(E121>24%, "Medium", "Easy"))) -> Very Hard | E121: 0.95 | F121: E | G121: Resolve Paradox | H121: http://gmatclub.com/forum/when-new-laws-imposing-strict-penalties-for-misleading-corporate-discl-321906.html
A122: =A121+1 -> 232 | B122: CR50611.02 | C122: New | D122: =IF(E122>74%, "Very Hard", IF(E122>49%, "Hard", IF(E122>24%, "Medium", "Easy"))) -> Very Hard | E122: 0.95 | F122: B | G122: Assumption | H122: http://gmatclub.com/forum/economist-even-with-energy-conservation-efforts-current-technologies-321907.html
A123: =A122+1 -> 233 | B123: CR98001.02 | C123: New | D123: =IF(E123>74%, "Very Hard", IF(E123>49%, "Hard", IF(E123>24%, "Medium", "Easy"))) -> Very Hard | E123: 0.95 | F123: C | G123: Assumption/Additional Evidence/Evaluate Argument | H123: http://gmatclub.com/forum/researchers-have-developed-a-technology-that-uses-sound-as-a-means-of-321908.html

Sheet SC
A1: GMAT Club Guide to The GMAT Verbal Review 2021
A2: Question | B2: ID | C2: New ? | D2: Difficulty | E2: Percentile | F2: OA | G2: Primary Category | H2: Link
A3: 234 | B3: SC01545 | D3: =IF(E3>74%, "Very Hard", IF(E3>49%, "Hard", IF(E3>24%, "Medium", "Easy"))) -> Easy | E3: 0.05 | F3: C | G3: Comparisons | H3: https://gmatclub.com/forum/with-respect-to-most-species-of-animals-they-are-evenly-divided-in-268628.html
A4: =A3+1 -> 235 | B4: SC07435 | D4: =IF(E4>74%, "Very Hard", IF(E4>49%, "Hard", IF(E4>24%, "Medium", "Easy"))) -> Easy | E4: 0.05 | F4: A | G4: Gerund; Grammatical Construction | H4: https://gmatclub.com/forum/using-digital-enhancements-of-skull-fragments-from-five-prehistoric-221379.html
A5: =A4+1 -> 236 | B5: SC14890 | D5: =IF(E5>74%, "Very Hard", IF(E5>49%, "Hard", IF(E5>24%, "Medium", "Easy"))) -> Easy | E5: 0.05 | F5: C | G5: Grammatical Construction | H5: https://gmatclub.com/forum/the-interior-minister-explained-that-one-of-the-village-planning-221374.html
A6: =A5+1 -> 237 | B6: SC02940 | D6: =IF(E6>74%, "Very Hard", IF(E6>49%, "Hard", IF(E6>24%, "Medium", "Easy"))) -> Easy | E6: 0.05 | F6: E | G6: Comparisons; Parallel Structure | H6: https://gmatclub.com/forum/like-ants-termites-have-an-elaborate-social-structure-in-which-a-few-39919.html
A7: =A6+1 -> 238 | B7: SC01519 | D7: =IF(E7>74%, "Very Hard", IF(E7>49%, "Hard", IF(E7>24%, "Medium", "Easy"))) -> Easy | E7: 0.05 | F7: E | G7: Grammatical Construction; Modifiers | H7: https://gmatclub.com/forum/verbal-og-2016-global-warming-is-said-to-be-responsible-for-extreme-219616.html
A8: =A7+1 -> 239 | B8: SC02548 | D8: =IF(E8>74%, "Very Hard", IF(E8>49%, "Hard", IF(E8>24%, "Medium", "Easy"))) -> Easy | E8: 0.05 | F8: E | G8: Parallel Structure | H8: https://gmatclub.com/forum/hundreds-of-species-of-fish-generate-and-discharge-electric-158181.html
A9: =A8+1 -> 240 | B9: SC05367 | D9: =IF(E9>74%, "Very Hard", IF(E9>49%, "Hard", IF(E9>24%, "Medium", "Easy"))) -> Easy | E9: 0.05 | F9: C | G9: Grammatical Construction | H9: https://gmatclub.com/forum/native-to-south-america-when-peanuts-were-introduced-to-158183.html
A10: =A9+1 -> 241 | B10: SC03552 | D10: =IF(E10>74%, "Very Hard", IF(E10>49%, "Hard", IF(E10>24%, "Medium", "Easy"))) -> Easy | E10: 0.05 | F10: D | G10: Parallel Structure; Participle Parallelism | H10: https://gmatclub.com/forum/it-stood-twelve-feet-tall-weighed-nine-thousand-pounds-and-wielded-221385.html
A11: =A10+1 -> 242 | B11: SC04083 | D11: =IF(E11>74%, "Very Hard", IF(E11>49%, "Hard", IF(E11>24%, "Medium", "Easy"))) -> Easy | E11: 0.15 | F11: E | G11: Meaning; Modifiers | H11: https://gmatclub.com/forum/studying-skeletons-unearthed-near-rome-dna-evidence-was-recovered-by-242647.html
A12: =A11+1 -> 243 | B12: SC01594 | D12: =IF(E12>74%, "Very Hard", IF(E12>49%, "Hard", IF(E12>24%, "Medium", "Easy"))) -> Easy | E12: 0.15 | F12: D | G12: Absolute Phrases; Meaning; Modifiers | H12: https://gmatclub.com/forum/butterflies-come-in-more-than-17-000-species-displaying-a-wing-patter-268489.html
A13: =A12+1 -> 244 | B13: SC04652 | D13: =IF(E13>74%, "Very Hard", IF(E13>49%, "Hard", IF(E13>24%, "Medium", "Easy"))) -> Easy | E13: 0.15 | F13: B | G13: Verb Tense/Form | H13: https://gmatclub.com/forum/a-march-2000-census-bureau-survey-showed-that-mexico-accounted-for-mor-81147.html
A14: =A13+1 -> 245 | B14: SC01579 | D14: =IF(E14>74%, "Very Hard", IF(E14>49%, "Hard", IF(E14>24%, "Medium", "Easy"))) -> Easy | E14: 0.05 | F14: E | G14: Subject Verb Agreement | H14: https://gmatclub.com/forum/recently-declassified-information-from-military-satellites-in-orbit-th-241567.html
A15: =A14+1 -> 246 | B15: SC04026 | D15: =IF(E15>74%, "Very Hard", IF(E15>49%, "Hard", IF(E15>24%, "Medium", "Easy"))) -> Easy | E15: 0.15 | F15: C | G15: Grammatical Construction | H15: https://gmatclub.com/forum/child-development-specialists-believe-that-in-confining-babies-mucle-241571.html
... A36: =A35+1 -> 267 | B36: SC81661.01 | D36: =IF(E36>74%, "Very Hard", IF(E36>49%, "Hard", IF(E36>24%, "Medium", "Easy"))) -> Medium | E36: 0.25 | F36: C | G36: Parallel structure; Pronouns; Verb/Tense form | H36: https://gmatclub.com/forum/in-the-united-states-one-of-the-earliest-challengers-of-the-economic-294451.html
A37: =A36+1 -> 268 | B37: SC94920.02 | C37: New | D37: =IF(E37>74%, "Very Hard", IF(E37>49%, "Hard", IF(E37>24%, "Medium", "Easy"))) -> Hard | E37: 0.55 | F37: B | G37: Grammatical Construction/Meaning/Idioms | H37: http://gmatclub.com/forum/some-business-experts-think-that-allowing-employees-to-buy-their-emplo-321778.html
A38: =A37+1 -> 269 | B38: SC71661.01 | D38: =IF(E38>74%, "Very Hard", IF(E38>49%, "Hard", IF(E38>24%, "Medium", "Easy"))) -> Easy | E38: 0.15 | F38: A | G38: Subject/Verb agreement | H38: https://gmatclub.com/forum/desertification-a-process-in-which-the-biological-productivity-of-the-294510.html
A39: =A38+1 -> 270 | B39: SC42661.01 | D39: =IF(E39>74%, "Very Hard", IF(E39>49%, "Hard", IF(E39>24%, "Medium", "Easy"))) -> Easy | E39: 0.05 | F39: A | G39: Modifiers | H39: https://gmatclub.com/forum/open-to-the-public-and-operated-like-conventional-hotels-condominium-294455.html
A40: =A39+1 -> 271 | B40: SC52661.01 | D40: =IF(E40>74%, "Very Hard", IF(E40>49%, "Hard", IF(E40>24%, "Medium", "Easy"))) -> Easy | E40: 0.05 | F40: C | G40: Construction; Diction | H40: https://gmatclub.com/forum/the-methods-proposed-for-reducing-the-amount-of-interest-to-be-paid-294486.html
A41: =A40+1 -> 272 | B41: SC62661.01 | D41: =IF(E41>74%, "Very Hard", IF(E41>49%, "Hard", IF(E41>24%, "Medium", "Easy"))) -> Easy | E41: 0.05 | F41: D | G41: Parallel structure; Pronouns | H41: https://gmatclub.com/forum/despite-the-puritan-sumptuary-laws-prohibiting-the-wearing-of-bright-294490.html
A42: =A41+1 -> 273 | B42: SC72661.01 | D42: =IF(E42>74%, "Very Hard", IF(E42>49%, "Hard", IF(E42>24%, "Medium", "Easy"))) -> Easy | E42: 0.05 | F42: C | G42: Idiom; construction; diction | H42: https://gmatclub.com/forum/like-darwin-and-his-fruitful-voyage-on-the-beagle-banks-s-trip-294491.html
A43: =A42+1 -> 274 | B43: SC82661.01 | D43: =IF(E43>74%, "Very Hard", IF(E43>49%, "Hard", IF(E43>24%, "Medium", "Easy"))) -> Easy | E43: 0.05 | F43: E | G43: Idiom; Verb/Tense form | H43: https://gmatclub.com/forum/when-more-and-more-factories-move-out-of-the-cities-each-year-294492.html
A44: =A43+1 -> 275 | B44: SC92661.01 | D44: =IF(E44>74%, "Very Hard", IF(E44>49%, "Hard", IF(E44>24%, "Medium", "Easy"))) -> Easy | E44: 0.05 | F44: C | G44: Pronouns | H44: https://gmatclub.com/forum/the-thousands-of-volcanic-islands-and-coral-atolls-of-the-south-seas-294493.html
A45: =A44+1 -> 276 | B45: SC03661.01 | D45: =IF(E45>74%, "Very Hard", IF(E45>49%, "Hard", IF(E45>24%, "Medium", "Easy"))) -> Easy | E45: 0.05 | F45: E | G45: Comparison; Indioms | H45: https://gmatclub.com/forum/in-contrast-with-a-dark-surface-and-its-tendency-toward-heat-absorptio-294489.html
A46: =A45+1 -> 277 | B46: SC37620.01 | D46: =IF(E46>74%, "Very Hard", IF(E46>49%, "Hard", IF(E46>24%, "Medium", "Easy"))) -> Medium | E46: 0.45 | F46: E | G46: Modifiers | H46: https://gmatclub.com/forum/the-greatest-road-system-built-in-the-americas-prior-to-the-arrival-of-197171.html
A47: =A46+1 -> 278 | B47: SC99250.01 | D47: =IF(E47>74%, "Very Hard", IF(E47>49%, "Hard", IF(E47>24%, "Medium", "Easy"))) -> Medium | E47: 0.25 | F47: E | G47: Grammatical construction | H47: https://gmatclub.com/forum/due-to-poaching-and-increased-cultivation-in-their-native-habitats-re-96900.html
A48: =A47+1 -> 279 | B48: SC04215 | D48: =IF(E48>74%, "Very Hard", IF(E48>49%, "Hard", IF(E48>24%, "Medium", "Easy"))) -> Easy | E48: 0.05 | F48: D | G48: Meaning; Modifiers; Parallel Structure; Pronouns | H48: https://gmatclub.com/forum/developed-by-pennsylvania-s-palatine-germans-about-1750-conestoga-289885.html
A49: =A48+1 -> 280 | B49: SC60440.01 | D49: =IF(E49>74%, "Very Hard", IF(E49>49%, "Hard", IF(E49>24%, "Medium", "Easy"))) -> Easy | E49: 0.05 | F49: B | G49: Parallel Structure | H49: https://gmatclub.com/forum/the-current-economic-downturn-has-significantly-reduced-advertising-46052.html
... A62: =A61+1 -> 293 | B62: SC07143 | D62: =IF(E62>74%, "Very Hard", IF(E62>49%, "Hard", IF(E62>24%, "Medium", "Easy"))) -> Easy | E62: 0.05 | F62: C | G62: Modifiers; Comparisons | H62: https://gmatclub.com/forum/in-1974-a-large-area-of-the-surface-of-mercury-was-photographed-from-221378.html
A63: =A62+1 -> 294 | B63: SC46270.02 | C63: New | D63: =IF(E63>74%, "Very Hard", IF(E63>49%, "Hard", IF(E63>24%, "Medium", "Easy"))) -> Easy | E63: 0.15 | F63: B | G63: Grammatical Construction/Subject Verb Agreement/Idioms | H63: http://gmatclub.com/forum/the-survival-of-a-rare-new-zealand-species-of-mistletoe-that-produces-321779.html
A64: =A63+1 -> 295 | B64: SC05894 | D64: =IF(E64>74%, "Very Hard", IF(E64>49%, "Hard", IF(E64>24%, "Medium", "Easy"))) -> Easy | E64: 0.05 | F64: A | G64: Construction; Diction; Meaning; Parallel Structure | H64: https://gmatclub.com/forum/the-computer-company-reported-strong-second-quarter-earnings-67968.html
A65: =A64+1 -> 296 | B65: SC01562 | D65: =IF(E65>74%, "Very Hard", IF(E65>49%, "Hard", IF(E65>24%, "Medium", "Easy"))) -> Hard | E65: 0.55 | F65: D | G65: Modifiers; Use of Being; Meaning | H65: https://gmatclub.com/forum/long-overshadowed-by-the-maya-and-aztec-civilizations-historians-are-268473.html
A66: =A65+1 -> 297 | B66: SC02370 | D66: =IF(E66>74%, "Very Hard", IF(E66>49%, "Hard", IF(E66>24%, "Medium", "Easy"))) -> Medium | E66: 0.25 | F66: C | G66: Modifiers; Pronouns | H66: https://gmatclub.com/forum/the-bank-holds-3-billion-in-loans-that-are-seriously-delinquent-or-in-45320.html
A67: =A66+1 -> 298 | B67: SC01435 | D67: =IF(E67>74%, "Very Hard", IF(E67>49%, "Hard", IF(E67>24%, "Medium", "Easy"))) -> Easy | E67: 0.05 | F67: A | G67: Comparisons | H67: https://gmatclub.com/forum/a-researcher-claims-that-a-tornado-of-a-given-size-and-strength-is-lik-268494.html
A68: =A67+1 -> 299 | B68: SC04603 | D68: =IF(E68>74%, "Very Hard", IF(E68>49%, "Hard", IF(E68>24%, "Medium", "Easy"))) -> Hard | E68: 0.65 | F68: E | G68: Clauses; Modifiers; Pronouns; Punctuations | H68: https://gmatclub.com/forum/qotd-heirloom-tomatoes-grown-from-seeds-249273.html
A69: =A68+1 -> 300 | B69: SC05381 | D69: =IF(E69>74%, "Very Hard", IF(E69>49%, "Hard", IF(E69>24%, "Medium", "Easy"))) -> Easy | E69: 0.05 | F69: A | G69: Parallel structure | H69: https://gmatclub.com/forum/in-the-textbook-publishing-business-the-second-quarter-is-historicall-168403.html
A70: =A69+1 -> 301 | B70: SC01485 | D70: =IF(E70>74%, "Very Hard", IF(E70>49%, "Hard", IF(E70>24%, "Medium", "Easy"))) -> Medium | E70: 0.35 | F70: D | G70: Comparisons | H70: https://gmatclub.com/forum/because-of-the-sharp-increases-in-the-price-of-gold-and-silver-the-272364.html
A71: =A70+1 -> 302 | B71: SC02791 | D71: =IF(E71>74%, "Very Hard", IF(E71>49%, "Hard", IF(E71>24%, "Medium", "Easy"))) -> Easy | E71: 0.05 | F71: D | G71: Comparisons | H71: https://gmatclub.com/forum/ms-chambers-is-among-the-forecasters-who-predict-that-the-47750.html
A72: =A71+1 -> 303 | B72: SC00987 | D72: =IF(E72>74%, "Very Hard", IF(E72>49%, "Hard", IF(E72>24%, "Medium", "Easy"))) -> Medium | E72: 0.25 | F72: C | G72: Idioms; Meaning; Parallel structure | H72: https://gmatclub.com/forum/in-keeping-with-her-commitment-to-her-christian-faith-sojourner-truth-268554.html
A73: =A72+1 -> 304 | B73: SC01972 | D73: =IF(E73>74%, "Very Hard", IF(E73>49%, "Hard", IF(E73>24%, "Medium", "Easy"))) -> Medium | E73: 0.45 | F73: D | G73: Modifiers | H73: https://gmatclub.com/forum/less-than-400-sumatran-rhinos-survive-on-the-malay-262743.html
A74: =A73+1 -> 305 | B74: SC11061 | D74: =IF(E74>74%, "Very Hard", IF(E74>49%, "Hard", IF(E74>24%, "Medium", "Easy"))) -> Medium | E74: 0.45 | F74: A | G74: Comparisons; Construction; Meaning; Modifiers | H74: https://gmatclub.com/forum/qotd-certain-pesticides-can-become-ineffective-if-244993.html
A75: =A74+1 -> 306 | B75: SC11854 | D75: =IF(E75>74%, "Very Hard", IF(E75>49%, "Hard", IF(E75>24%, "Medium", "Easy"))) -> Easy | E75: 0.15 | F75: B | G75: Adjectives and adverbs; If - then | H75: https://gmatclub.com/forum/while-some-academicians-believe-that-business-ethics-should-be-69823.html
... A117: =A116+1 -> 348 | B117: SC11934 | D117: =IF(E117>74%, "Very Hard", IF(E117>49%, "Hard", IF(E117>24%, "Medium", "Easy"))) -> Easy | E117: 0.05 | F117: D | G117: Parallel Structure | H117: https://gmatclub.com/forum/unlike-auto-insurance-the-frequency-of-claims-158190.html

Sheet Error Log
A1: GMAT Club Guide to The GMAT Official Guide 2021
A2: Question | B2: Section | C2: Difficulty Level | D2: Percentile | E2: Category | F2: Your Answer | G2: Result | H2: Completed Time
A3: 1 | B3: RC | C3: =IF($F3="","",'RC'!E3) | D3: =IF($F3="","",'RC'!F3) | E3: =IF($F3="","",'RC'!H3) | G3: =IF(F3="","NA",IF(F3='RC'!G3,"Correct","Incorrect")) -> NA
A4: 2 | B4: RC | C4: =IF($F4="","",'RC'!E4) | D4: =IF($F4="","",'RC'!F4) | E4: =IF($F4="","",'RC'!H4) | G4: =IF(F4="","NA",IF(F4='RC'!G4,"Correct","Incorrect")) -> NA
A5: 3 | B5: RC | C5: =IF($F5="","",'RC'!E5) | D5: =IF($F5="","",'RC'!F5) | E5: =IF($F5="","",'RC'!H5) | G5: =IF(F5="","NA",IF(F5='RC'!G5,"Correct","Incorrect")) -> NA
A6: 4 | B6: RC | C6: =IF($F6="","",'RC'!E6) | D6: =IF($F6="","",'RC'!F6) | E6: =IF($F6="","",'RC'!H6) | G6: =IF(F6="","NA",IF(F6='RC'!G6,"Correct","Incorrect")) -> NA
A7: 5 | B7: RC | C7: =IF($F7="","",'RC'!E7) | D7: =IF($F7="","",'RC'!F7) | E7: =IF($F7="","",'RC'!H7) | G7: =IF(F7="","NA",IF(F7='RC'!G7,"Correct","Incorrect")) -> NA
A8: 6 | B8: RC | C8: =IF($F8="","",'RC'!E8) | D8: =IF($F8="","",'RC'!F8) | E8: =IF($F8="","",'RC'!H8) | G8: =IF(F8="","NA",IF(F8='RC'!G8,"Correct","Incorrect")) -> NA
A9: 7 | B9: RC | C9: =IF($F9="","",'RC'!E9) | D9: =IF($F9="","",'RC'!F9) | E9: =IF($F9="","",'RC'!H9) | G9: =IF(F9="","NA",IF(F9='RC'!G9,"Correct","Incorrect")) -> NA
A10: 8 | B10: RC | C10: =IF($F10="","",'RC'!E10) | D10: =IF($F10="","",'RC'!F10) | E10: =IF($F10="","",'RC'!H10) | G10: =IF(F10="","NA",IF(F10='RC'!G10,"Correct","Incorrect")) -> NA
A11: 9 | B11: RC | C11: =IF($F11="","",'RC'!E11) | D11: =IF($F11="","",'RC'!F11) | E11: =IF($F11="","",'RC'!H11) | G11: =IF(F11="","NA",IF(F11='RC'!G11,"Correct","Incorrect")) -> NA
A12: 10 | B12: RC | C12: =IF($F12="","",'RC'!E12) | D12: =IF($F12="","",'RC'!F12) | E12: =IF($F12="","",'RC'!H12) | G12: =IF(F12="","NA",IF(F12='RC'!G12,"Correct","Incorrect")) -> NA
A13: 11 | B13: RC | C13: =IF($F13="","",'RC'!E13) | D13: =IF($F13="","",'RC'!F13) | E13: =IF($F13="","",'RC'!H13) | G13: =IF(F13="","NA",IF(F13='RC'!G13,"Correct","Incorrect")) -> NA
A14: 12 | B14: RC | C14: =IF($F14="","",'RC'!E14) | D14: =IF($F14="","",'RC'!F14) | E14: =IF($F14="","",'RC'!H14) | G14: =IF(F14="","NA",IF(F14='RC'!G14,"Correct","Incorrect")) -> NA
... A114: 112 | B114: RC | C114: =IF($F114="","",'RC'!E114) | D114: =IF($F114="","",'RC'!F114) | E114: =IF($F114="","",'RC'!H114) | G114: =IF(F114="","NA",IF(F114='RC'!G114,"Correct","Incorrect")) -> NA
A115: =A114+1 -> 113 | B115: CR | C115: =IF($F115="","",CR!D3) | D115: =IF($F115="","",CR!E3) | E115: =IF($F115="","",CR!G3) | G115: =IF(F115="","NA",IF(F115=CR!F3,"Correct","Incorrect")) -> NA
A116: =A115+1 -> 114 | B116: CR | C116: =IF($F116="","",CR!D4) | D116: =IF($F116="","",CR!E4) | E116: =IF($F116="","",CR!G4) | G116: =IF(F116="","NA",IF(F116=CR!F4,"Correct","Incorrect")) -> NA
A117: =A116+1 -> 115 | B117: CR | C117: =IF($F117="","",CR!D5) | D117: =IF($F117="","",CR!E5) | E117: =IF($F117="","",CR!G5) | G117: =IF(F117="","NA",IF(F117=CR!F5,"Correct","Incorrect")) -> NA
A118: =A117+1 -> 116 | B118: CR | C118: =IF($F118="","",CR!D6) | D118: =IF($F118="","",CR!E6) | E118: =IF($F118="","",CR!G6) | G118: =IF(F118="","NA",IF(F118=CR!F6,"Correct","Incorrect")) -> NA
A119: =A118+1 -> 117 | B119: CR | C119: =IF($F119="","",CR!D7) | D119: =IF($F119="","",CR!E7) | E119: =IF($F119="","",CR!G7) | G119: =IF(F119="","NA",IF(F119=CR!F7,"Correct","Incorrect")) -> NA
A120: =A119+1 -> 118 | B120: CR | C120: =IF($F120="","",CR!D8) | D120: =IF($F120="","",CR!E8) | E120: =IF($F120="","",CR!G8) | G120: =IF(F120="","NA",IF(F120=CR!F8,"Correct","Incorrect")) -> NA
A121: =A120+1 -> 119 | B121: CR | C121: =IF($F121="","",CR!D9) | D121: =IF($F121="","",CR!E9) | E121: =IF($F121="","",CR!G9) | G121: =IF(F121="","NA",IF(F121=CR!F9,"Correct","Incorrect")) -> NA
A122: =A121+1 -> 120 | B122: CR | C122: =IF($F122="","",CR!D10) | D122: =IF($F122="","",CR!E10) | E122: =IF($F122="","",CR!G10) | G122: =IF(F122="","NA",IF(F122=CR!F10,"Correct","Incorrect")) -> NA
A123: =A122+1 -> 121 | B123: CR | C123: =IF($F123="","",CR!D11) | D123: =IF($F123="","",CR!E11) | E123: =IF($F123="","",CR!G11) | G123: =IF(F123="","NA",IF(F123=CR!F11,"Correct","Incorrect")) -> NA
A124: =A123+1 -> 122 | B124: CR | C124: =IF($F124="","",CR!D12) | D124: =IF($F124="","",CR!E12) | E124: =IF($F124="","",CR!G12) | G124: =IF(F124="","NA",IF(F124=CR!F12,"Correct","Incorrect")) -> NA
A125: =A124+1 -> 123 | B125: CR | C125: =IF($F125="","",CR!D13) | D125: =IF($F125="","",CR!E13) | E125: =IF($F125="","",CR!G13) | G125: =IF(F125="","NA",IF(F125=CR!F13,"Correct","Incorrect")) -> NA
A126: =A125+1 -> 124 | B126: CR | C126: =IF($F126="","",CR!D14) | D126: =IF($F126="","",CR!E14) | E126: =IF($F126="","",CR!G14) | G126: =IF(F126="","NA",IF(F126=CR!F14,"Correct","Incorrect")) -> NA
... A235: =A234+1 -> 233 | B235: CR | C235: =IF($F235="","",CR!D123) | D235: =IF($F235="","",CR!E123) | E235: =IF($F235="","",CR!G123) | G235: =IF(F235="","NA",IF(F235=CR!F123,"Correct","Incorrect")) -> NA
A236: =A235+1 -> 234 | B236: SC | C236: =IF($F236="","",SC!D3) | D236: =IF($F236="","",SC!E3) | E236: =IF($F236="","",SC!G3) | G236: =IF(F236="","NA",IF(F236=SC!F3,"Correct","Incorrect")) -> NA
A237: =A236+1 -> 235 | B237: SC | C237: =IF($F237="","",SC!D4) | D237: =IF($F237="","",SC!E4) | E237: =IF($F237="","",SC!G4) | G237: =IF(F237="","NA",IF(F237=SC!F4,"Correct","Incorrect")) -> NA
A238: =A237+1 -> 236 | B238: SC | C238: =IF($F238="","",SC!D5) | D238: =IF($F238="","",SC!E5) | E238: =IF($F238="","",SC!G5) | G238: =IF(F238="","NA",IF(F238=SC!F5,"Correct","Incorrect")) -> NA
A239: =A238+1 -> 237 | B239: SC | C239: =IF($F239="","",SC!D6) | D239: =IF($F239="","",SC!E6) | E239: =IF($F239="","",SC!G6) | G239: =IF(F239="","NA",IF(F239=SC!F6,"Correct","Incorrect")) -> NA
A240: =A239+1 -> 238 | B240: SC | C240: =IF($F240="","",SC!D7) | D240: =IF($F240="","",SC!E7) | E240: =IF($F240="","",SC!G7) | G240: =IF(F240="","NA",IF(F240=SC!F7,"Correct","Incorrect")) -> NA
A241: =A240+1 -> 239 | B241: SC | C241: =IF($F241="","",SC!D8) | D241: =IF($F241="","",SC!E8) | E241: =IF($F241="","",SC!G8) | G241: =IF(F241="","NA",IF(F241=SC!F8,"Correct","Incorrect")) -> NA
A242: =A241+1 -> 240 | B242: SC | C242: =IF($F242="","",SC!D9) | D242: =IF($F242="","",SC!E9) | E242: =IF($F242="","",SC!G9) | G242: =IF(F242="","NA",IF(F242=SC!F9,"Correct","Incorrect")) -> NA
A243: =A242+1 -> 241 | B243: SC | C243: =IF($F243="","",SC!D10) | D243: =IF($F243="","",SC!E10) | E243: =IF($F243="","",SC!G10) | G243: =IF(F243="","NA",IF(F243=SC!F10,"Correct","Incorrect")) -> NA
A244: =A243+1 -> 242 | B244: SC | C244: =IF($F244="","",SC!D11) | D244: =IF($F244="","",SC!E11) | E244: =IF($F244="","",SC!G11) | G244: =IF(F244="","NA",IF(F244=SC!F11,"Correct","Incorrect")) -> NA
A245: =A244+1 -> 243 | B245: SC | C245: =IF($F245="","",SC!D12) | D245: =IF($F245="","",SC!E12) | E245: =IF($F245="","",SC!G12) | G245: =IF(F245="","NA",IF(F245=SC!F12,"Correct","Incorrect")) -> NA
A246: =A245+1 -> 244 | B246: SC | C246: =IF($F246="","",SC!D13) | D246: =IF($F246="","",SC!E13) | E246: =IF($F246="","",SC!G13) | G246: =IF(F246="","NA",IF(F246=SC!F13,"Correct","Incorrect")) -> NA
A247: =A246+1 -> 245 | B247: SC | C247: =IF($F247="","",SC!D14) | D247: =IF($F247="","",SC!E14) | E247: =IF($F247="","",SC!G14) | G247: =IF(F247="","NA",IF(F247=SC!F14,"Correct","Incorrect")) -> NA
... A349: =A348+1 -> 347 | B349: SC | C349: =IF($F349="","",SC!D116) | D349: =IF($F349="","",SC!E116) | E349: =IF($F349="","",SC!G116) | G349: =IF(F349="","NA",IF(F349=SC!F116,"Correct","Incorrect")) -> NA
A350: =A349+1 -> 348 | B350: SC | C350: =IF($F350="","",SC!D119) | D350: =IF($F350="","",SC!E119) | E350: =IF($F350="","",SC!G119) | G350: =IF(F350="","NA",IF(F350=SC!F119,"Correct","Incorrect")) -> NA
